 Dungeon Crawl Stone Soup version 0.30.1-9-gdf580d7c3d (webtiles) character file.

Game seed: 4206479301045805824

151 booth the Ruffian (level 5, -6/49 HPs)
             Began as a Troll Gladiator on Oct 21, 2023.
             Was an Initiate of Okawaru.
             Mangled by Edmund
             ... wielding a +5 dire flail of protection
              (12 damage)
             ... on level 4 of the Dungeon.
             The game lasted 00:16:00 (2186 turns).

booth the Ruffian (Troll Gladiator)                 Turns: 2186, Time: 00:16:00

Health: -6/49      AC:  4    Str: 24    XL:     5   Next: 11%
Magic:  4/4        EV: 10    Int:  4    God:    Okawaru [......]
Gold:   97         SH:  0    Dex: 11    Spells: 4/4 levels left

rFire   + .          .
                       - Unarmed
rCold   + . .        (no shield)
rNeg    . . .        a - +0 robe
rPois   .            b - +0 hat
rElec   .            h - scarf {rC+ rF+}
rCorr   .            (gloves unavailable)
SInv    .            (boots unavailable)
Will    .....        (no amulet)
Stlth   +            (no ring)
HPRegen 1.08/turn    (no ring)
MPRegen 0.09/turn

%: no passive effects
@: no status effects
A: large, unfitting armour, claws 3, regeneration 1, shaggy fur 1, tough skin 1
a: Renounce Religion


You were on level 4 of the Dungeon.
You worshipped Okawaru.
Okawaru was noncommittal.
You visited 1 branch of the dungeon, and saw 4 of its levels.

You collected 97 gold pieces.

Inventory:

Missiles
 c - 3 throwing nets (quivered)
 j - 14 stones
Armour
 a - a +0 robe (worn)
 b - a +0 hat (worn)
 h - a scarf of resistance (worn)
Jewellery
 m - an amulet of faith
Scrolls
 e - a scroll of torment
Potions
 i - a potion of resistance


   Skills:
 + Level 2.3 Fighting
 * Level 3.1 Throwing
 + Level 3.0 Dodging
 * Level 4.0 Unarmed Combat


You had 4 spell levels left.
You didn't know any spells.
Your spell library contained the following spells:

 Spells                   Type           Power      Damage    Failure   Level
 Freeze                   Ice            0%         1d3       50%         1
 Slow                     Hex            0%         N/A       50%         1
 Confusing Touch          Hex            0%         N/A       86%         3
 Frozen Ramparts          Ice            0%         1d1       86%         3
 Gell's Gravitas          Tloc           0%         N/A       86%         3
 Hailstorm                Conj/Ice       0%         3d3       86%         3
 Teleport Other           Tloc           0%         N/A       86%         3
 Vampiric Draining        Necr           0%         2d6       86%         3
 Vhi's Electric Charge    Tloc/Air       0%         N/A       86%         3
 Arcjolt                  Conj/Air       0%         1d10      100%        5
 Dispersal                Tloc           0%         N/A       100%        6
 Maxwell's Capacitive Co  Air            0%         ∞         100%        8


Dungeon Overview and Level Annotations

Branches:
Dungeon (4/15)
 Temple: D:4-7

Altars:
Okawaru
Trog

Annotations:
D:4 Edmund, Pikel


Innate Abilities, Weirdness & Mutations

You are too large for most types of armour.
You have claws for hands.
Your natural rate of healing is unusually fast.
You are covered in fur. (AC +1)
You have tough skin. (AC +1)


Message History

Press: ? - help, Q - select action, (/) - cycle Shift-Dir - straight line, f - Edmund
Aim: Edmund, wielding a +5 dire flail of protection and wearing a +0 chain mail (65% to hit)
You throw a poisoned dart.
The poisoned dart closely misses Edmund.
Throw: 2 darts (poison)
Press: ? - help, Q - select action, (/) - cycle Shift-Dir - straight line, f/p - Edmund
Aim: Edmund, wielding a +5 dire flail of protection and wearing a +0 chain mail (65% to hit)
You throw a poisoned dart. The poisoned dart barely misses Edmund.
Throw: dart (poison)
Press: ? - help, Q - select action, (/) - cycle Shift-Dir - straight line, f/p - Edmund
Aim: Edmund, wielding a +5 dire flail of protection and wearing a +0 chain mail (65% to hit)
You throw a poisoned dart.
The poisoned dart closely misses Edmund.
Throw: large rock
Press: ? - help, Q - select action, (/) - cycle Shift-Dir - straight line, f/p - Edmund
Aim: Edmund, wielding a +5 dire flail of protection and wearing a +0 chain mail (65% to hit)
You throw a large rock. The large rock hits Edmund.
Edmund is lightly wounded.
You claw Edmund!
Edmund is moderately wounded.
Edmund hits you with a +5 dire flail of protection.
You scratch Edmund.
Edmund is heavily wounded.
Edmund hits you with a +5 dire flail of protection!
You scratch Edmund but do no damage.
Edmund is heavily wounded.
You scratch Edmund but do no damage.
Edmund is heavily wounded.
Edmund hits you with a +5 dire flail of protection!
You feel better.
Edmund hits you with a +5 dire flail of protection!
You scratch Edmund but do no damage.
Edmund is heavily wounded.
Edmund hits you with a +5 dire flail of protection!!
* * * LOW HITPOINT WARNING * * *
Okay, then.
You scratch Edmund but do no damage.
Edmund is heavily wounded.
Edmund hits you with a +5 dire flail of protection!
You die...

.### ...# ##.###
#.<.# ###
##.#....# ..#
...#####.# #.# #
.### #.# .# ...
...####.###..#.#
####
..(...(.@@....#
#######.####.##
#.......#
####.......#
...........#
###........#
#........#
#...<....#
#........#


You could see Edmund.

Vanquished Creatures
  2 lemures (D:4)
  A hound (D:3)
  Terence (D:2)
  Robin (D:2)
  An adder (D:2)
  A worm (D:2)
  A dart slug (D:2)
  5 orcs
  7 bats
  6 endoplasms
  A giant cockroach (D:1)
  13 goblins
  7 hobgoblins
  A quokka (D:1)
  6 ball pythons
  3 frilled lizards
  3 kobolds
  5 rats
65 creatures vanquished.

Notes
Turn   | Place    | Note
-------+----------+-------------------------------------------
     0 | D:1      | booth the Troll Gladiator began the quest for the Orb.
     0 | D:1      | Reached XP level 1. HP: 19/19 MP: 0/0
   143 | D:1      | Reached XP level 2. HP: 28/28 MP: 1/1
   724 | D:2      | Found a bloodstained altar of Trog.
   836 | D:2      | Noticed Terence
   843 | D:2      | Killed Terence
   844 | D:2      | Reached XP level 3. HP: 35/35 MP: 2/2
  1093 | D:2      | Noticed Robin
  1097 | D:2      | Reached XP level 4. HP: 42/42 MP: 3/3
  1126 | D:2      | Killed Robin
  1823 | D:3      | Found an iron altar of Okawaru.
  1841 | D:3      | Reached skill level 4 in Unarmed Combat
  1841 | D:3      | Reached XP level 5. HP: 39/49 MP: 4/4
  1861 | D:3      | Became a worshipper of Warmaster Okawaru
  2105 | D:4      | Noticed a lemure
  2106 | D:4      | Noticed a lemure
  2106 | D:4      | Noticed a lemure
  2107 | D:4      | Noticed Pikel
  2122 | D:4      | Killed a lemure
  2129 | D:4      | Killed a lemure
  2172 | D:4      | Noticed Edmund
  2186 | D:4      | Mangled by Edmund

Illustrated notes

Levels and vault maps discovered:
D:1:      saegor_arrival_fortress, layout_basic
D:2:      layout_loops_ring, basic_altar, uniq_terence, uniq_robin
D:3:      layout_basic, lemuel_crystal_altar
D:4:      layout_loops_ring, nicolae_elyvilon_temple_path, corexii_corridor_pit,
          corner_web_ring, uniq_pikel, uniq_eustachio, uniq_edmund

Skill      XL: |  1  2  3  4 |
---------------+-------------+-----
Throwing       | 2 3 |  3.1
Fighting       | 2 |  2.3
Dodging        | 3 |  3.0
Unarmed Combat | 4 |  4.0

Action                     |  1- 3 |  4- 6 || total
---------------------------+-------+-------++-------
  Melee: Unarmed           |    77 |   101 ||   178
         Punch             |     2 |     1 ||     3
  Throw: Large rock        |     1 |     1 ||     2
         Dart              |       |     3 ||     3
    Use: Scroll            |     2 |     3 ||     5
         Potion            |       |     3 ||     3
 Armour: Robe              |    18 |    32 ||    50
  Dodge: Dodged            |    35 |    43 ||    78
